AoeStats
← Champ

African Clearing

510874002Analyzed
4v4 RM · 19h ago on Oct 2, 2026· 44m 3s· 8 players
Game mode
Random Map
Map size
Large (8 player)
Population
200
Speed
Normal
Resources
Standard
Victory
Conquest
Starting age
Dark Age
Ending age
Imperial Age
RankedLock teamsTeams togetherTeam positionsShared explorationLock speedFull tech treeHidden civsTurbo modeCheats
Victory
Defeat
🇩🇪 Tatars · Germany
1108
+15
🇦🇷 Gurjaras · Argentina
1103
+15
🇩🇪 Persians · Germany
1022
+19
🇺🇸 Varangians · United States
1017
+19
🇨🇴 Persians · Colombia
1137
-19
🇦🇷 Vietnamese · Argentina
1088
-17
🇵🇪 Celts · Peru
1065
-16
🇵🇪 Cumans · Peru
1051
-16
pa echo
4:04 Loom
14:38 Feudal Age
23:47 Castle Age
22:17 Double-Bit Axe
23:21 Gold Mining
24:38 Forging
24:34 Scale Barding Armor
24:41 Forging
24:34 Scale Mail Armor
27:06 Iron Casting
27:05 Bow Saw
32:24 Wheelbarrow
34:41 Gambesons
34:42 Arson
35:09 Town Watch
35:41 Hand Cart
38:56 Husbandry
39:19 Scale Barding Armor
42:25 Imperial Age
41:21 Pikeman
Descomponido
10:00 Loom
12:56 Feudal Age
14:20 Double-Bit Axe
17:02 Scale Barding Armor
17:08 Forging
23:18 Castle Age
23:03 Fishing Lines
23:10 Light Cavalry
24:00 Bloodlines
23:54 Husbandry
25:06 Wheelbarrow
24:57 Gold Mining
25:58 Gillnets
28:19 Horse Collar
30:31 Hand Cart
31:10 Bow Saw
36:41 Imperial Age
35:46 Chain Barding Armor
35:17 Fletching
36:43 Heavy Plow
36:41 Stone Mining
36:30 Heavy Camel Rider
36:48 Cavalier
38:23 Gold Shaft Mining
Cheblin
4:17 Loom
14:51 Feudal Age
19:38 Castle Age
17:55 Fletching
19:05 Horse Collar
20:56 Town Watch
21:11 Crossbowman
22:43 Double-Bit Axe
24:24 Bodkin Arrow
25:55 Thumb Ring
27:35 Wheelbarrow
27:48 Gold Mining
28:10 Town Patrol
28:05 Gold Mining
29:36 Padded Archer Armor
30:05 Bow Saw
30:18 Heavy Plow
32:41 Ballistics
32:38 Leather Archer Armor
36:40 Scale Mail Armor
36:50 Forging
42:20 Imperial Age
Naery Valentina
7:17 Loom
17:16 Feudal Age
18:23 Man-at-Arms
20:37 Forging
21:14 Scale Mail Armor
24:20 Horse Collar
26:58 Double-Bit Axe
34:37 Castle Age
34:48 Pikeman
36:32 Squires
36:20 Capped Ram
38:49 Iron Casting
40:06 Chain Mail Armor
41:17 Heavy Plow
oKC CHIEFS FANo
5:44 Loom
12:46 Feudal Age
13:31 Double-Bit Axe
15:15 Wheelbarrow
15:26 Wheelbarrow
19:47 Castle Age
19:07 Forging
18:58 Scale Mail Armor
21:56 Stone Mining
23:06 Chain Mail Armor
23:26 Iron Casting
23:12 Bow Saw
26:15 Horse Collar
27:06 Squires
29:40 Ballistics
29:58 Fletching
30:59 Masonry
31:50 Heavy Plow
34:49 Imperial Age
32:28 Arson
32:40 Town Watch
35:02 Bodkin Arrow
35:01 Gothikon
39:16 Blast Furnace
41:01 Crop Rotation
41:17 Plate Mail Armor
Champ
11:28 Loom
13:28 Feudal Age
18:37 Castle Age
16:41 Double-Bit Axe
21:13 Wheelbarrow
22:08 Bow Saw
23:37 Gold Mining
23:41 Stone Mining
25:48 Horse Collar
26:26 Hand Cart
27:10 Gold Shaft Mining
29:58 Stone Shaft Mining
29:35 Heavy Plow
30:23 Husbandry
30:34 Bloodlines
31:00 Scale Barding Armor
31:05 Forging
34:14 Imperial Age
34:34 Chain Barding Armor
34:55 Iron Casting
35:39 Conscription
34:53 Cavalier
36:34 Savar
38:10 Plate Barding Armor
38:42 Blast Furnace
nehuen251
3:40 Loom
13:56 Feudal Age
15:44 Fletching
23:45 Castle Age
24:00 Padded Archer Armor
36:51 Double-Bit Axe
37:14 Horse Collar
40:55 Husbandry
42:28 Bloodlines
43:14 Scale Barding Armor
Excile
14:21 Feudal Age
18:45 Castle Age
20:01 Loom
20:53 Wheelbarrow
20:07 Double-Bit Axe
20:13 Horse Collar
24:33 Heavy Plow
26:58 Bow Saw
32:29 Scale Barding Armor
32:16 Fletching
32:28 Padded Archer Armor
35:23 Imperial Age
33:11 Hand Cart
33:40 Ballistics
33:18 Bodkin Arrow
34:36 Leather Archer Armor
38:00 Heavy Cavalry Archer
40:47 Ring Archer Armor
40:18 Bracer
40:51 Ring Archer Armor
41:51 Conscription
41:36 Silk Armor
41:56 Gold Mining
43:47 Chemistry
45:00 Crop Rotation
Connection lost

Rejoining the realm…

Still unreachable

The connection could not be restored.

Session expired

The server has moved on; the page needs a fresh start.